 Dungeon Crawl Stone Soup version 0.21.1-1-g345015fe64 (webtiles) character file.

114 Delanovic the Sneak (level 4, -1/22 HPs)
             Began as a Spriggan Enchanter on Apr 13, 2018.
             Killed by divine providence
             ... invoked by an orc priest
              (10 damage)
             ... on level 3 of the Dungeon on Apr 14, 2018.
             The game lasted 00:07:16 (3055 turns).

Delanovic the Sneak (Spriggan Enchanter)            Turns: 3055, Time: 00:07:16

Health: -1/22      AC:  2    Str:  4    XL:     4   Next: 66%
Magic:  7/9        EV: 19    Int: 16    God:
Gold:   270        SH:  4    Dex: 17    Spells: 2/8 levels left

rFire    . . .     SeeInvis +   a - +1 dagger
rCold    . . .     Gourm    .   (shield restricted)
rNeg     . . .     Faith    .   b - +0 robe
rPois    .         Spirit   .   (helmet restricted)
rElec    .         Reflect  +   g - scarf {cloud immunity}
rCorr    .         Harm     .   (gloves unavailable)
MR       .....                  (boots unavailable)
Stlth    +++.......             h - +4 amulet of reflection
HPRegen  0.07/turn              (no ring)
MPRegen  0.11/turn              o - ring of see invisible

@: very quick
A: very small, unfitting armour, see invisible, herbivore, speed 3, slow
metabolism 2
a: no special abilities


You were on level 3 of the Dungeon.
You were not hungry.

You visited 1 branch of the dungeon, and saw 3 of its levels.

You collected 270 gold pieces.

Inventory:

Hand Weapons
 a - a +1 dagger (weapon)
Armour
 b - a +0 robe (worn)
 g - a scarf of cloud immunity (worn)
Jewellery
 h - a +4 amulet of reflection (around neck)
 o - a ring of see invisible (right hand)
Scrolls
 f - 2 scrolls of teleportation
 i - a scroll of amnesia {unknown}
 n - a scroll of random uselessness {unknown}
 p - a scroll of fog {unknown}
 q - a scroll of identify {unknown}
Potions
 e - a potion of cancellation {unknown}
 j - a potion of mutation {unknown}
 k - a potion of resistance {unknown}
 l - a potion of brilliance {unknown}
 m - 2 potions of curing {unknown}
Books
 c - a book of Maledictions

   Spells                             Type                      Level
   a - Corona                         Hexes                        1
   b - Ensorcelled Hibernation        Hexes/Ice                    2
   c - Confuse                        Hexes                        3
   d - Tukima's Dance                 Hexes                        3
   e - Dazzling Spray                 Conjuration/Hexes            3
Comestibles
 d - 9 rations


   Skills:
 * Level 1.3 Fighting
 * Level 2.6 Short Blades
 + Level 3.7 Dodging
 + Level 5.8 Stealth
 - Level 2.7 Spellcasting
 + Level 4.1 Hexes


You had 2 spell levels left.
You knew the following spells:

 Your Spells              Type           Power        Failure   Level  Hunger
a - Corona                Hex            ###....      3%          1    #......
b - Ensorcelled Hibernat  Hex/Ice        #.....       12%         2    ##.....
c - Confuse               Hex            ###.....     11%         3    ###....


Dungeon Overview and Level Annotations

Branches:
Dungeon (3/15)

Altars:
Makhleb
The Shining One


Innate Abilities, Weirdness & Mutations

You are very small and have problems with some larger weapons.
You are too small for most types of armour.
You have supernaturally acute eyesight. (SInv)
You are a herbivore.
You cover ground extremely quickly.
You need consume almost no food.


Message History

An orc priest comes into view.
The orc priest shouts!
Casting: Ensorcelled Hibernation
Confirm with . or Enter, or press ? or * to list all spells.
Aiming: Ensorcelled Hibernation
Press: ? - help, Shift-Dir - straight line, f - orc
Aim: an orc, wielding a hand axe (chance to defeat MR: 57%)
The orc looks drowsy...
The orc priest invokes the aid of Beogh against you.
Pain shoots through your body!
Ouch! That really hurt!
The orc shouts!
You hit the orc.
The orc is lightly wounded.
The orc closely misses you.
An orc priest comes into view.
The orc priest looks satisfied for a moment.
The orc priest calls down the wrath of Beogh upon you.
Beogh smites you!
You die...

###########
########..........
#....†.#.######...
#.................
#........)........
#...............#.
#.....#.........#.
#@##.###.########.
#.##.# #.########.
#.##.# #.......##.
#.##.# #######.##.
#o##.# #.......##.
#.##.# ##.####>...
#o##.# #....#....
#o##.####..#.#(##.
#o.#.......#.#.##.


You could see 2 orc priests and an orc.

Vanquished Creatures
  A hound (D:3)
  An adder (D:3)
  4 dart slugs
  3 leopard geckos
  10 bats
  5 giant cockroaches
  9 hobgoblins
  6 jackals
  A quokka (D:3)
  7 frilled lizards
  4 goblins
  6 kobolds
  4 rats
  A fungus (D:3)
62 creatures vanquished.

Notes
Turn   | Place    | Note
-------+----------+-------------------------------------------
     0 | D:1      | Delanovic the Spriggan Enchanter began the quest for the Orb.
     0 | D:1      | Reached XP level 1. HP: 9/9 MP: 5/5
   127 | D:1      | Reached XP level 2. HP: 13/13 MP: 6/6
   286 | D:1      | Reached skill level 5 in Stealth
   298 | D:1      | Learned a level 2 spell: Ensorcelled Hibernation
   783 | D:1      | Reached XP level 3. HP: 16/17 MP: 8/8
  1947 | D:2      | Reached skill level 1 in Fighting
  2279 | D:3      | Learned a level 3 spell: Confuse
  2360 | D:3      | Found a burning altar of Makhleb.
  2404 | D:3      | Reached XP level 4. HP: 8/22 MP: 3/9
  2680 | D:3      | Found a glowing golden altar of the Shining One.
  3055 | D:3      | Killed from afar by an orc priest

Skill      XL: |  1  2  3 |
---------------+----------+-----
Stealth        | 5 |  5.8
Hexes          | 4 |  4.1
Short Blades   | 2 |  2.6
Fighting       | 1 |  1.3
Dodging        | |  3.7
Spellcasting   | |  2.7

Action                   |  1- 3 |  4- 6 || total
-------------------------+-------+-------++-------
Melee: Dagger            |   184 |    63 ||   247
 Cast: Ensorcelled Hiber |    14 |     2 ||    16
  Use: Scroll            |     4 |       ||     4
 Stab: Sleeping          |    21 |     3 ||    24
       Distracted        |     2 |       ||     2
  Eat: Ration            |       |     1 ||     1
Armor: Robe              |     6 |     1 ||     7
Dodge: Dodged            |   133 |    20 ||   153
Block: Other             |     2 |     5 ||     7
